cohdb
Replays
Latest Replays
All Replays
Popular Replays
Top Player Replays
Match Explorer
How It Works
Community
CoH3 Stats
Reddit
Sign in to upload your games and track your stats! →
Sign in with Steam
Match 42689219
Unlisted
Match 42689219
Overview
Messages
Build Orders
End
Vickers Machine Gun Team
Construct Section Command Post
Selects Air and Sea Battlegroup
Dingo Light Scout Car
Infantry Section
Selects Supply Surplus
Infantry Section
Construct Platoon Command Post
Unlock M3 Stuart Light Tanks
Construct Field Infirmary
M3 Stuart Light Tank
M3 Stuart Light Tank
Infantry Section
Selects Commando Section Paradrop
Selects Commando Support Section Paradrop
Forward Retreat Point
Construct Resource Cache
Grenade Package
Construct Resource Cache
Construct Company Command Post
Commando Support Section Paradrop
BROken-J
QWQ
Trump Blesses America
Farsit
Ardy
kenleung
德意志第三军团
神奇香蕉
0
0
Comments
sign in to comment!
No comments posted yet!